cohdb
Replays
Latest Replays
All Replays
Popular Replays
Top Player Replays
Match Explorer
How It Works
Community
CoH3 Stats
Reddit
Sign in to upload your games and track your stats! →
Sign in with Steam
Match 44466012
Unlisted
Match 44466012
Overview
Messages
Build Orders
End
Construct Barracks
Selects Heavy Weapons
Engineer Squad
1⁄4-ton 4x4 Truck
Riflemen Squad
Riflemen Squad
Construct Weapon Support Center
M1919 Machine Gun Team
Infantry Support Center
Selects Assault Carriers
M3 Assault Carrier
Selects Exchangeable Parts
M3 Assault Carrier
Grenade Package
M1919 Machine Gun Team
Riflemen Squad
M1918 Browning Automatic Rifles
Engineer Squad
Advanced Logistics
M3 Assault Carrier
Riflemen Squad
Selects M26 Pershing Heavy Tank
M26 Pershing Heavy Tank
M3 Assault Carrier
Construct Medical Station
M3 Assault Carrier
Selects M2HB .50cal Heavy Machine Gun
Selects Rapid Reposition
woof_raff
Kaminsky
finde keinen guten namen
FischerOnTour
0
0
Comments
sign in to comment!
No comments posted yet!